 Dungeon Crawl Stone Soup version 0.28.0-47-ge53b351184 (webtiles) character file.

Game seed: 5770817639071840786

4 101zpm the Magician (level 1, -3/15 HPs)
             Began as a Djinni Fire Elementalist on May 1, 2022.
             Killed by nerve-wracking pain
             ... invoked by Jessica
              (6 damage)
             ... on level 2 of the Dungeon.
             The game lasted 00:00:57 (314 turns).

101zpm the Magician (Djinni Fire Elementalist)       Turns: 314, Time: 00:00:57

Health: -3/15      AC:  3    Str:  7    XL:     1   Next: 66%
Gold:   11         EV: 12    Int: 16    God:
                   SH:  0    Dex: 13

rFire   + + .      SeeInvis .   (no weapon)
rCold   x . .      Faith    .   (no shield)
rNeg    . . .      Spirit   .   a - +0 robe
rPois   ∞          Reflect  .   (no helmet)
rElec   .          Harm     .   b - +0 cloak
rCorr   .          Rampage  .   (no gloves)
Will    .....                   (boots unavailable)
Stlth   ++........              (no amulet)
HPRegen 0.05/turn               (no ring)
MPRegen 0.00/turn               (no ring)

@: flying
A: sickness immunity, fire resistance 2, cold vulnerability 1, float, innate
caster, HP casting, extra vitality 1
a: no special abilities


You were on level 2 of the Dungeon.
You visited 1 branch of the dungeon, and saw 2 of its levels.

You collected 11 gold pieces.

Inventory:

Armour
 a - a +0 robe (worn)
 b - a +0 cloak (worn)
Potions
 c - a potion of flight {unknown}


   Skills:
 + Level 2.3 Dodging
 + Level 1.6 Stealth
 + Level 2.5 Spellcasting


You couldn't memorise any spells.
You knew the following spells:

 Your Spells              Type           Power      Damage    Failure   Level
a - Foxfire               Conj/Fire      40%        2x1d6     7%          1
b - Scorch                Fire           20%        2d6       11%         2
c - Conjure Flame         Conj/Fire      10%        6-21      21%         3
d - Inner Flame           Hex/Fire       10%        N/A       21%         3
e - Flame Wave            Conj/Fire      10%        2d5       56%         4
Your spell library was empty.

Dungeon Overview and Level Annotations

Branches:
Dungeon (2/15)

Altars:

Annotations:
D:2 Jessica


Innate Abilities, Weirdness & Mutations

You are immune to sickness and miasma.
You are immune to poison.
Your flesh is very heat resistant. (rF++)
You are vulnerable to cold. (rC-)
You float through the air rather than walking.
You learn spells naturally, not from books.
Your magical power is your life essence.
You have superior vitality. (+4 MHP)


Message History

Jessica the Apprentice Sorceress comes into view.
She is wielding a +0 club.
You see here 11 gold pieces.
You miscast Foxfire.
You are very lightly contaminated with residual magic.
Nothing appears to happen.
Jessica shouts!
You conjure some foxfire!
Casting: Foxfire (safe; 7% risk of failure)
Confirm with . or Enter, or press ? or * to list all spells.
You aren't experienced enough to cast this spell.
The foxfire hits Jessica.
Jessica is lightly wounded.
The foxfire hits Jessica.
Jessica is heavily wounded.
You conjure some foxfire!
The foxfire hits Jessica.
Jessica is severely wounded.
You hit Jessica.
Jessica is severely wounded.
Jessica hits you with a +0 club.
You barely miss Jessica.
Jessica is severely wounded.
A kobold comes into view. It is wielding a +0 short sword.
Jessica hits you with a +0 club.
* * * LOW HITPOINT WARNING * * *
The kobold shouts!
You hit Jessica but do no damage.
Jessica is severely wounded.
Jessica barely misses you.
You barely miss Jessica.
Jessica is severely wounded.
Jessica closely misses you.
Your magical contamination has completely faded away.
You closely miss Jessica.
Jessica is severely wounded.
Jessica hits you but does no damage.
You barely miss Jessica.
Jessica is severely wounded.
Jessica points at you and mumbles some strange words.
Pain shoots through your body!
You die...

#. #.. #... #...###
....K.. ###....
.......##################
#>...@@.†..............
##...#################.
#... #. #... #. #### #.
#. #. #. ########.


You could see Jessica and a kobold.

Vanquished Creatures
  2 quokkas (D:2)
  A bat (D:2)
  A rat (D:2)
4 creatures vanquished.

Vanquished Creatures (others)
  11 foxfires (D:2)
11 creatures vanquished.

Grand Total: 15 creatures vanquished

Notes
Turn   | Place    | Note
-------+----------+-------------------------------------------
     0 | D:1      | 101zpm the Djinni Fire Elementalist began the quest for the
                  | Orb.
     0 | D:1      | Reached XP level 1. HP: 15/15 MP: 0/0
   304 | D:2      | Noticed Jessica
   314 | D:2      | Killed from afar by Jessica

Illustrated notes

Levels and vault maps discovered:
D:1:      dpeg_arrival_snail, layout_basic, minmay_misc_feat_tiny,
          chequers_serial_rivers_micro_e
D:2:      layout_basic, shapermc_ecumenical_altar_notcrosses, minmay_circle_x,
          uniq_jessica

Action                   || total
-------------------------++-------
Melee: Unarmed           ||     6
 Cast: Foxfire           ||    10
Armor: Robe              ||     1
Dodge: Dodged            ||     3
